 Seeded DCSS version 0.30.1-3-gfc49f6343a (webtiles) character file.

Game seed: 4560444620379715527 (custom seed)

374 MegasTu the Shield-Bearer (level 6, -2/53 HPs)
             Began as a Gnoll Fighter on July 28, 2023.
             Succumbed to a scorpion's poison
             ... on level 4 of the Dungeon.
             The game lasted 00:03:28 (2388 turns).

MegasTu the Shield-Bearer (Gnoll Fighter)           Turns: 2388, Time: 00:03:28

Health: -2/53      AC:  7    Str: 17    XL:     6   Next: 72%
Magic:  9/9        EV: 10    Int:  8    God:
Gold:   199        SH:  0    Dex: 15    Spells: 9/9 levels left

rFire   . . .        m - +7 quarterstaff "Burhooz" {heavy, rElec rCorr Dex+4}
rCold   . . .        (shield currently unavailable)
rNeg    . . .        b - +0 scale mail
rPois   .            (no helmet)
rElec   +            (no cloak)
rCorr   +            (no gloves)
SInv    .            (no boots)
Will    .....        (no amulet)
Stlth   +            (no ring)
HPRegen 0.28/turn    (no ring)
MPRegen 0.11/turn

%: no passive effects
@: lethally poisoned (-2 -> -22)
A: fangs 1, strong nose, distributed training
a: no special abilities


You were on level 4 of the Dungeon.
You visited 1 branch of the dungeon, and saw 4 of its levels.

You collected 199 gold pieces.

Inventory:

Hand Weapons
 a - a +0 long sword
 f - a +2 dagger of pain
 m - the +7 quarterstaff "Burhooz" (weapon) {heavy, rElec rCorr Dex+4}
   (You found it on level 2 of the Dungeon)

   Dex:       It affects your dexterity (+4).
   rElec:     It insulates you from electricity.
   rCorr:     It protects you from acid and corrosion.
Missiles
 r - 5 poisoned darts (quivered)
Armour
 b - a +0 scale mail (worn)
 c - a +0 buckler
Scrolls
 e - 3 scrolls of fear {unknown}
 h - 7 scrolls of identify {unknown}
 i - 4 scrolls of amnesia {unknown}
 j - a scroll of enchant weapon {unknown}
 k - 2 scrolls of teleportation {unknown}
 l - a scroll of torment {unknown}
 n - a scroll of noise {unknown}
 o - 4 scrolls of enchant armour {unknown}
 p - a scroll of blinking {unknown}
 t - a scroll of silence {unknown}
Potions
 d - 2 potions of might
 g - 6 potions of curing {unknown}
 q - a potion of heal wounds {unknown}
 s - a potion of haste {unknown}


   Skills:
 + Level 6.9 Fighting
 + Level 2.1 Short Blades
 + Level 5.1 Long Blades
 + Level 2.1 Axes
 + Level 2.1 Maces & Flails
 + Level 2.1 Polearms
 + Level 2.1 Staves
 + Level 2.1 Ranged Weapons
 + Level 2.1 Throwing
 + Level 6.9 Armour
 + Level 2.1 Dodging
 + Level 2.1 Stealth
 + Level 6.9 Shields
 + Level 2.1 Unarmed Combat
 + Level 2.1 Spellcasting
 + Level 1.7 Conjurations
 + Level 1.7 Hexes
 + Level 1.7 Summonings
 + Level 1.7 Necromancy
 + Level 1.7 Translocations
 + Level 1.7 Transmutations
 + Level 1.7 Fire Magic
 + Level 1.7 Ice Magic
 + Level 1.7 Air Magic
 + Level 1.7 Earth Magic
 + Level 1.7 Poison Magic
 + Level 2.4 Invocations
 + Level 2.1 Evocations


You had 9 spell levels left.
You didn't know any spells.
Your spell library contained the following spells:

 Spells                   Type           Power      Damage    Failure   Level
 Static Discharge         Conj/Air       6%         2-3/arc   61%         2
 Airstrike                Air            1%         2d(1-17)  99%         4
 Petrify                  Tmut/Erth      3%         N/A       99%         4
 Summon Lightning Spire   Summ/Air       3%         N/A       99%         4
 Metabolic Englaciation   Hex/Ice        1%         N/A       100%        5
 Statue Form              Tmut/Erth      2%         N/A       100%        6


Dungeon Overview and Level Annotations

Branches:
Dungeon (4/15)
 Temple: D:4-7

Altars:
Kikubaaqudgha

Portals:
Sewer: D:4


Innate Abilities, Weirdness & Mutations

You have very sharp teeth.
Your uncanny sense of smell can sniff out nearby items.
Your experience applies equally to all skills.


Message History

The scorpion poisons you!
You feel very sick.
You feel very sick.
The orc wizard gestures wildly while chanting.
The orc wizard flickers and vanishes!
You barely miss the scorpion.
You feel very sick. The scorpion barely misses you.
An orc comes into view. It is wielding a +0 club.
The scorpion stings you.
You hit the scorpion.
The scorpion is lightly wounded.
You feel less confused.
You feel sick. The scorpion stings you.
You are more poisoned.
The scorpion poisons you! The scorpion stings you.
You hit the scorpion but do no damage.
The scorpion is lightly wounded.
You feel extremely sick. The scorpion stings you.
You are lethally poisoned!
The scorpion poisons you! The orc closely misses you.
The scorpion stings you but does no damage.
You sock the scorpion!
The scorpion is heavily wounded.
* * * LOW HITPOINT WARNING * * *
You feel extremely sick. The scorpion barely misses you.
The scorpion misses you.
The scorpion stings you but does no damage.
You bludgeon something!!
Reactivating autopickup.
You feel a bit more experienced.
* * * LOW HITPOINT WARNING * * *
You feel very sick. The scorpion stings you.
* * * LOW HITPOINT WARNING * * *
You are more poisoned.
The scorpion poisons you! The orc misses you. The scorpion closely misses you.
You barely miss the orc.
You die...

#.## #..# #..# .... ∆ ..##
#..... .##.. #..# ...... .....
#..# ....... .....# #..####
....... ......#
###.....####...... .......###
##@..##............
.........####so.###.##.........
..........#..o####..###........
............### #### ##.......
..........### #.......
.........## ##...... .........#
##..... .......#.. #.....
......###.# ##....


You could see a scorpion and 2 orcs.

Vanquished Creatures
  2 phantoms (D:4)
  An orc priest (D:3)
  A hound (D:4)
  Jessica (D:2)
  An orc wizard (D:4)
  3 adders
  A river rat (D:4)
  2 worms
  2 dart slugs
  6 orcs
  3 ball pythons (D:3)
  5 endoplasms
  3 giant cockroaches (D:4)
  4 goblins
  7 hobgoblins
  2 jackals (D:3)
  7 kobolds
  4 quokkas
  4 bats
  3 frilled lizards
  7 rats
69 creatures vanquished.

Notes
Turn   | Place    | Note
-------+----------+-------------------------------------------
     0 | D:1      | MegasTu the Gnoll Fighter began the quest for the Orb.
     0 | D:1      | Reached XP level 1. HP: 23/23 MP: 1/1
    75 | D:1      | Reached XP level 2. HP: 21/29 MP: 2/2
   723 | D:2      | Reached XP level 3. HP: 34/35 MP: 3/3
   727 | D:2      | Identified the +7 quarterstaff "Burhooz" {heavy, rElec
                  | rCorr Dex+4}
   861 | D:2      | Reached skill level 1 in Invocations
   940 | D:2      | Noticed Jessica
   947 | D:2      | Killed Jessica
   948 | D:2      | Reached skill level 1 in Short Blades
   948 | D:2      | Reached skill level 1 in Axes
   948 | D:2      | Reached skill level 1 in Maces & Flails
   948 | D:2      | Reached skill level 1 in Polearms
   948 | D:2      | Reached skill level 1 in Staves
   948 | D:2      | Reached skill level 1 in Ranged Weapons
   948 | D:2      | Reached skill level 1 in Throwing
   948 | D:2      | Reached skill level 1 in Dodging
   948 | D:2      | Reached skill level 1 in Stealth
   948 | D:2      | Reached skill level 1 in Unarmed Combat
   948 | D:2      | Reached skill level 1 in Spellcasting
   948 | D:2      | Reached skill level 1 in Evocations
   948 | D:2      | Reached XP level 4. HP: 36/41 MP: 5/5
  1336 | D:3      | Found an ancient bone altar of Kikubaaqudgha.
  1391 | D:3      | Found a faded altar of an unknown god.
  1503 | D:3      | Reached skill level 1 in Conjurations
  1503 | D:3      | Reached skill level 1 in Hexes
  1503 | D:3      | Reached skill level 1 in Summonings
  1503 | D:3      | Reached skill level 1 in Necromancy
  1503 | D:3      | Reached skill level 1 in Translocations
  1503 | D:3      | Reached skill level 1 in Transmutations
  1503 | D:3      | Reached skill level 1 in Fire Magic
  1503 | D:3      | Reached skill level 1 in Ice Magic
  1503 | D:3      | Reached skill level 1 in Air Magic
  1503 | D:3      | Reached skill level 1 in Earth Magic
  1503 | D:3      | Reached skill level 1 in Poison Magic
  1618 | D:3      | Reached XP level 5. HP: 30/47 MP: 5/7
  2020 | D:4      | Noticed a phantom
  2027 | D:4      | Killed a phantom
  2058 | D:4      | Noticed a phantom
  2063 | D:4      | Killed a phantom
  2064 | D:4      | Reached skill level 5 in Long Blades
  2064 | D:4      | Reached XP level 6. HP: 42/53 MP: 7/9
  2279 | D:4      | Found a glowing drain.
  2388 | D:4      | Succumbed to a scorpion's poison

Illustrated notes

Levels and vault maps discovered:
D:1:      dpeg_arrival_houses_and_road, layout_rooms, serial_aquarium,
          aquarium_bridge_square [aquarium_subvault_bridge,
          aquarium_subvault_bridge, aquarium_subvault_wall,
          aquarium_subvault_wall], aquarium_bridge_long_separate
          [aquarium_subvault_bridge, aquarium_subvault_window,
          aquarium_subvault_bridge, aquarium_subvault_window,
          aquarium_subvault_wall, aquarium_subvault_bridge], aquarium_window_2,
          aquarium_window_fake, aquarium_view_2d, aquarium_view_2e,
          aquarium_balcony_double_4
D:2:      layout_basic, hangedman_decor_clover_reticule, uniq_jessica
D:3:      layout_rooms, kiku_gazebo_garden_becter, basic_ecumenical_altar,
          minmay_misc_feat_square
D:4:      layout_cave_pods, lemuel_tele_altar, gup_sewer_entry_spiral

Skill      XL: |  1  2  3  4  5 |
---------------+----------------+-----
Invocations    | 1 2 |  2.4
Short Blades   | 1 2 |  2.1
Axes           | 1 2 |  2.1
Maces & Flails | 1 2 |  2.1
Polearms       | 1 2 |  2.1
Staves         | 1 2 |  2.1
Ranged Weapons | 1 2 |  2.1
Throwing       | 1 2 |  2.1
Dodging        | 1 2 |  2.1
Stealth        | 1 2 |  2.1
Unarmed Combat | 1 2 |  2.1
Spellcasting   | 1 2 |  2.1
Evocations     | 1 2 |  2.1
Conjurations   | 1 |  1.7
Hexes          | 1 |  1.7
Summonings     | 1 |  1.7
Necromancy     | 1 |  1.7
Translocations | 1 |  1.7
Transmutations | 1 |  1.7
Fire Magic     | 1 |  1.7
Ice Magic      | 1 |  1.7
Air Magic      | 1 |  1.7
Earth Magic    | 1 |  1.7
Poison Magic   | 1 |  1.7
Long Blades    | 5 |  5.1
Fighting       | |  6.9
Armour         | |  6.9
Shields        | |  6.9

Action                     |  1- 3 |  4- 6 || total
---------------------------+-------+-------++-------
  Melee: Long sword        |    64 |       ||    64
         Bite              |     5 |     2 ||     7
         Quarterstaff      |    12 |    88 ||   100
 Armour: Scale mail        |    48 |    57 ||   105
  Dodge: Dodged            |    45 |    57 ||   102
  Block: Buckler           |    17 |       ||    17
